 Dungeon Crawl Stone Soup version 0.30-a0-1075-gcd70e7a56d (webtiles) character file.

Game seed: 14435333090811832188

1304 kae the Cleaver (level 8, -4/60 (64) HPs)
             Began as a Hill Orc Fighter on Apr 14, 2023.
             Was an Initiate of Qazlal.
             Slain by a wight
             ... wielding a +2 great sword of freezing
              (10 damage)
             ... on level 6 of the Dungeon.
             The game lasted 00:03:30 (4662 turns).

kae the Cleaver (Hill Orc Fighter)                  Turns: 4662, Time: 00:03:31

HP:   -4/60 (64)    AC:  7    Str: 21    XL:     8   Next: 57%
MP:   20/20         EV:  9    Int:  8    God:    Qazlal [......]
Gold: 262           SH:  5    Dex: 10    Spells: 7/7 levels left

rFire   + . .      SeeInvis .    a - +0 war axe (drain)
rCold   . . .      Faith    .    c - +0 buckler
rNeg    . . .      Spirit   .    b - +0 scale mail
rPois   .          Reflect  .    (no helmet)
rElec   .          Rampage  .    (no cloak)
rCorr   .                        (no gloves)
Will    .....                    (no boots) Stlth
                                 (no amulet)
HPRegen 0.30/turn                F - ring of protection from fire
MPRegen 0.17/turn                W - ring of magical power

@: drained
A: no striking features
a: Renounce Religion


You were on level 6 of the Dungeon.
You worshipped Qazlal.
Qazlal was noncommittal.
You visited 2 branches of the dungeon, and saw 7 of its levels.

You collected 322 gold pieces.
You spent 60 gold pieces at shops.


   Skills:
 - Level 3.6 Fighting
 + Level 10.7 Axes
 - Level 5.0 Armour
 - Level 5.0 Shields
 - Level 5.0 Invocations


You had 7 spell levels left.
You didn't know any spells.
Your spell library was empty.

Inventory:

Hand Weapons
 a - a +0 war axe of draining (weapon)
Missiles
 e - 10 poisoned darts (quivered)
 f - 52 stones
 h - a throwing net {=f!f}
 n - 3 javelins
Armour
 b - a +0 scale mail (worn)
 c - a +0 buckler (worn)
Jewellery
 F - a ring of protection from fire (left hand)
   (You found it on level 4 of the Dungeon)
 W - a ring of magical power (right hand)
   (You found it on level 4 of the Dungeon)
Potions
 d - 2 potions of might
 g - 4 potions of curing {@q1}
 i - a potion of magic
 k - a potion of degeneration {!q}
 l - 2 potions of mutation {!q}
 m - a potion of haste {unknown}
 o - a potion of flight
 p - a potion of resistance
 q - a potion of heal wounds {@q2}

Dungeon Overview and Level Annotations

Branches:
Dungeon (6/15) Zot: 26733  Temple (1/1) D:5 Zot: 5841

Altars:
Ashenzari
Cheibriados
Dithmenos
Elyvilon
Gozag
Hepliaklqana
Kikubaaqudgha
Makhleb
Nemelex Xobeh
Okawaru
Qazlal
Ru
Sif Muna
Trog
Vehumet
Wu Jian
Yredelemnul
The Shining One

Shops:
D:2 ? D:3

* #..<.zz..........
#########z!...#..#..
##).z.#..#.#.
#.#........
z.........
##........ .........
#.z...... #
#@......# .#
#.......# .##.
.....#.## ....
#.###... ≈≈≈≈ ..
..... .... ##. ...#
### #. ### ##


You could see 2 wights.


Message History

Cleave: a) +0 war axe (drain)
Press: ? - help, Dir - move target, f - you
Okay, then.
You aren't carrying any items that you can evoke.
Okay, then.
You aren't carrying any scrolls.
Unknown command.
You see here a black bear corpse. 😕 HP[+1]
There is a stone staircase leading up here.
You climb upwards.
There is a stone staircase leading down here. 😕 HP[+1]
There is an open door here.
There is a staircase to the Ecumenical Temple here. 😎 HP[+1]
Your hp is fully restored (64).
There is an open door here.
Things that are here:
a +0 falchion; a +0 mace
There is a stone staircase leading down here.
You climb downwards.
There is a stone staircase leading up here.
Unknown command.
The wight hits you but does no damage.
You climb upwards.
There is a stone staircase leading down here.
You hit the wight. The wight hits you with a +2 dagger.
You hit the wight. You block the wight's attack. 😕 HP[-4]
You take 4 damage, and now have 60/64 hp.
You closely miss the wight. The wight hits you with a +2 dagger.
You barely miss the wight. You block the wight's attack. 😕 HP[-1]
You take 1 damage, and now have 59/64 hp.
You closely miss the wight. The wight hits you with a +2 dagger.
You feel drained.
You barely miss the wight.
The wight hits you with a +2 dagger. 😕 HP[-7]
You now have 63 max hp (-1).
You take 7 damage, and now have 52/63 hp.
You barely miss the wight. The wight barely misses you.
You hit the wight but do no damage. The wight hits you but does no damage.
You slash the wight! You block the wight's attack.
You slash the wight!
You destroy the wight!
Qazlal accepts your kill.
Your life force feels restored. 😕 HP[+1]
You now have 64 max hp (+1).
Things that are here:
a +2 dagger; a +0 robe No target in view!
No target in view!
Unknown command.
Things that are here:
a +2 dagger; a +0 robe; 😕 HP[+1]
There is a stone staircase leading down here.
You start resting. 😎 HP[+10]
Your hp is fully restored (64).
You climb downwards.
The wight hits you with a +2 great sword of freezing!
The wight freezes you. You block the wight's attack.
There is a stone staircase leading up, spattered with blood here. 😕 HP[-12]
You take 12 damage, and now have 52/64 hp.
You completely miss the wight.
The wight hits you with a +2 great sword of freezing.
You feel drained. The wight freezes you.
You slash the wight! You block the wight's attack. 😮 HP[-5]
You now have 63 max hp (-1).
You take 5 damage, and now have 47/63 hp.
You hit the wight but do no damage.
The wight hits you with a +2 great sword of freezing!!
* * * LOW HITPOINT WARNING * * *
You feel drained.
* * * LOW HITPOINT WARNING * * *
The wight freezes you.
* * * LOW HITPOINT WARNING * * *
😨 HP[-27]
You now have 60 max hp (-3).
You take 27 damage, and now have 20/60 hp.
MASSIVE DAMAGE!! (PAUSE)
You barely miss the wight.
You block the wight's attack. 😨 HP[+1] Unknown command.
You closely miss the wight.
The wight hits you with a +2 great sword of freezing!
* * * LOW HITPOINT WARNING * * *
The wight freezes you.
* * * LOW HITPOINT WARNING * * *
😱 HP[-15]
You take 15 damage, and now have 6/60 hp.
MASSIVE DAMAGE!! (PAUSE)
You hit the wight but do no damage.
The wight hits you with a +2 great sword of freezing!
You die...

Skill      XL: |  1  2  3  4  5  6  7  8 |
---------------+-------------------------+-----
Axes           | 3 4 5 7 9 10 | 10.7
Armour         | 4 5 |  5.0
Shields        | 4 5 |  5.0
Invocations    | 2 5 |  5.0
Fighting       | |  3.6

Action                     |  1- 3 |  4- 6 |  7- 9 || total
---------------------------+-------+-------+-------++-------
  Melee: War axe           |    91 |   160 |    97 ||   348
    Use: Scroll            |     5 |     5 |     2 ||    12
         Potion            |     1 |       |       ||     1
 Armour: Scale mail        |    75 |    96 |    46 ||   217
  Dodge: Dodged            |    71 |    72 |    34 ||   177
  Block: Buckler           |    45 |    49 |    28 ||   122

Levels and vault maps discovered:
D:1:      arrival_aquarium_a, layout_basic, ebering_ecumenical_altar_petrified,
          minmay_misc_feat_secret_circle
D:2:      layout_basic, serial_shops, nicolae_diamond_shop
D:3:      layout_basic, nicolae_gozag_zags_fifth_avenue, uniq_natasha
D:4:      layout_rooms, kennysheep_mini_moat, lemuel_coloured_pillars_altar
D:5:      layout_basic, okawaru_ov_weapons_minmay, minmay_temple_entry_hall
D:6:      cheibrodos_quashed, layout_loops_ring, mainiacjoe_overflow_brackets,
          zin_treasury, kennysheep_path_1, uniq_maggie, uniq_eustachio
Temple:   eino_temple_water

Notes
Turn   | Place    | Note
-------+----------+-------------------------------------------
     0 | D:1      | kae the Hill Orc Fighter began the quest for the Orb.
     0 | D:1      | Reached XP level 1. HP: 19/19 MP: 1/1
     0 | D:1      | magus.rc [v1.11.3]
     4 | D:1      | Noticed an electric eel
    99 | D:1      | Reached XP level 2. HP: 21/26 MP: 2/2
   101 | D:1      | Reached skill level 3 in Axes
   153 | D:1      | Found a faded altar of an unknown god.
   545 | D:1      | Reached skill level 4 in Armour
   545 | D:1      | Reached XP level 3. HP: 27/31 MP: 3/3
   999 | D:2      | Found Juorerib's Magic Scroll Boutique.
  1007 | D:2      | Bought a scroll of identify for 20 gold pieces
  1007 | D:2      | Bought a scroll of identify for 20 gold pieces
  1007 | D:2      | Bought a scroll of identify for 20 gold pieces
  1062 | D:2      | You fall into a shaft and drop 2 floors!
  1090 | D:4      | Noticed a centaur
  1099 | D:4      | HP: 5/31 [centaur (5)]
  1108 | D:4      | Killed a centaur
  1109 | D:4      | Reached skill level 4 in Axes
  1109 | D:4      | Reached skill level 4 in Shields
  1109 | D:4      | Reached XP level 4. HP: 26/39 MP: 4/4
  1109 | D:4      | Reached XP level 5. HP: 31/45 MP: 5/5
  1283 | D:3      | Reached skill level 5 in Armour
  2171 | D:3      | Found Gozag's Platinum Reserve.
  2213 | D:3      | Found an opulent altar of Gozag.
  2295 | D:3      | Noticed Natasha
  2307 | D:3      | Killed Natasha
  2583 | D:4      | Found a radiant altar of Vehumet.
  2788 | D:4      | Reached skill level 5 in Axes
  2788 | D:4      | Reached XP level 6. HP: 29/51 MP: 6/6
  2894 | D:4      | Found a sparkling altar of Nemelex Xobeh.
  3119 | D:5      | Entered Level 5 of the Dungeon
  3119 | D:5      | Found an iron altar of Okawaru.
  3145 | D:5      | Reached skill level 5 in Shields
  3155 | D:5      | Reached skill level 6 in Axes
  3510 | D:5      | Reached skill level 7 in Axes
  3510 | D:5      | Reached XP level 7. HP: 57/57 MP: 7/7
  3637 | D:5      | Reached skill level 8 in Axes
  3646 | D:5      | Found a staircase to the Ecumenical Temple.
  3660 | Temple   | Entered the Ecumenical Temple
  3801 | Temple   | Became a worshipper of Qazlal Stormbringer
  3870 | D:5      | Reached skill level 9 in Axes
  3870 | D:5      | Reached skill level 1 in Invocations
  3875 | D:5      | Reached skill level 2 in Invocations
  3974 | D:5      | Reached XP level 8. HP: 32/64 MP: 10/10
  4173 | D:5      | Reached skill level 3 in Invocations
  4359 | D:5      | Reached skill level 4 in Invocations
  4410 | D:6      | Reached skill level 10 in Axes
  4537 | D:6      | Reached skill level 5 in Invocations
  4539 | D:6      | Noticed a two-headed ogre
  4661 | D:6      | HP: 11/60 [wight/+2 great sword of freezing (10)]
  4662 | D:6      | Slain by a wight

Vanquished Creatures
  2 black bears
  An ogre (D:6)
  3 centaurs
  2 phantoms (D:5)
  A scorpion (D:5)
  2 wights (D:5)
  A howler monkey (D:5)
  A jelly (D:5)
  2 hounds (D:5)
  3 orc priests (D:5)
  An iguana (D:4)
  A sleepcap (D:5)
  Natasha (D:3)
  2 orc wizards (D:5)
  8 adders
  An ufetubus (D:4)
  A worm (D:5)
  2 dart slugs
  8 orcs (D:5)
  4 bats
  2 endoplasms
  6 goblins
  7 hobgoblins
  5 jackals
  2 quokkas
  5 ball pythons
  A frilled lizard (D:1)
  6 kobolds
  5 rats (D:1)
86 creatures vanquished.

Table legend:
 A = Non-vault XP
 B = Vault XP
 C = Vault XP percentage of total XP
 D = Non-vault monster count
 E = Vault monster count
 F = Vault count percentage of total count
                 A         B        C        D         E       F
            +---------+---------+-------+---------+---------+-------
      Total |    1828 |      36 |   1.9 |      85 |       1 |   1.2
            +---------+---------+-------+---------+---------+-------
        D:1 |      34 |       0 |   0.0 |      21 |       0 |   0.0
        D:2 |      29 |       0 |   0.0 |      10 |       0 |   0.0
        D:3 |      20 |      36 |  64.3 |       6 |       1 |  14.3
        D:4 |     210 |       0 |   0.0 |      15 |       0 |   0.0
        D:5 |    1286 |       0 |   0.0 |      31 |       0 |   0.0
        D:6 |     249 |       0 |   0.0 |       2 |       0 |   0.0
            +---------+---------+-------+---------+---------+-------

Illustrated notes

Table legend:
 A = Kills in this place as a percentage of kills in the entire game.
 B = Kills by you in this place as a percentage of kills by you in the entire game.
 C = Kills by friends in this place as a percentage of kills by friends in the entire game.
 D = Other kills in this place as a percentage of other kills in the entire game.
 E = Experience gained in this place as a percentage of experience gained in the entire game.
 F = Experience gained in this place divided by the number of levels of this place that you have seen.
                   A       B       C       D       E      F
               +-------+-------+-------+-------+-------+----------------------
         Total | 100.0 | 100.0 |   N/A |   N/A | 100.0 | 266.3
       Dungeon | 100.0 | 100.0 |   N/A |   N/A | 100.0 | 310.7
               +-------+-------+-------+-------+-------+----------------------

Table legend: (Time is in decaauts)
 A = Elapsed time spent in this place.
 B = Non-inter-level travel time spent in this place.
 C = Inter-level travel time spent in this place.
 D = Time resting spent in this place.
 E = Time spent auto-exploring this place.
 F = Levels seen in this place.
 G = Mean time per level.
                   A        B        C        D        E       F      G
               +--------+--------+--------+--------+--------+-----+--------+
         Total |   4762 |   4560 |    202 |    165 |   3615 |   7 |  680.3 |
       Dungeon |   4603 |   4427 |    176 |    165 |   3493 |   6 |  767.2 |
        Temple |    158 |    132 |     26 |      0 |    122 |   1 |  158.0 |
               +--------+--------+--------+--------+--------+-----+--------+

Top non-repeatable levels by time:
     D:5: 1360 daAuts
     D:2: 940 daAuts
     D:4: 864 daAuts
     D:1: 698 daAuts
     D:3: 694 daAuts
  Temple: 158 daAuts
     D:6: 45 daAuts
